 Dungeon Crawl Stone Soup version 0.30-a0-241-g1121274140 (webtiles) character file.

Game seed: 12273881712099067959

1099 KennySheep the Ruffian (level 7, -3/51 HPs)
             Began as a Demigod Transmuter on Oct 11, 2022.
             Slain by Duvessa
             ... wielding a +0 short sword
              (11 damage)
             ... on level 5 of the Dungeon.
             The game lasted 00:16:15 (5548 turns).

KennySheep the Ruffian (Demigod Transmuter)         Turns: 5548, Time: 00:16:16

Health: -3/51      AC:  2    Str: 19    XL:     7   Next: 84%
Magic:  10/12      EV: 19    Int: 15    God:
Gold:   253        SH:  0    Dex: 19    Spells: 3/9 levels left

rFire   . . .      SeeInvis .      - Unarmed
rCold   . . .      Faith    .    (shield currently unavailable)
rNeg    . . .      Spirit   .    (body armour currently unavailable)
rPois   x          Reflect  .    (helmet currently unavailable)
rElec   .          Harm     .    (cloak currently unavailable)
rCorr   .          Rampage  .    (gloves currently unavailable)
Will    .....                    (boots currently unavailable)
Stlth   ++........               (no amulet)
HPRegen 0.28/turn                (no ring)
MPRegen 0.13/turn                (no ring)

@: spider-form, weakened
A: venomous fangs, tiny, high MP 1, forlorn, divine attributes
a: End Transformation


You were on level 5 of the Dungeon.
You were a venomous arachnid creature.
You visited 1 branch of the dungeon, and saw 5 of its levels.
You also visited: Sewer.

You collected 253 gold pieces.

Inventory:

Armour
 a - a +1 robe
 e - a +2 robe of cold resistance (melded)
 g - a +0 pair of boots (melded)
 w - a +1 hat (melded)
Jewellery
 j - an amulet of guardian spirit
 q - a +6 ring of intelligence
Wands
 i - a wand of flame (12)
 x - a wand of roots (7)
Scrolls
 f - a scroll of enchant armour
 h - a scroll of poison
 k - a scroll of fog
 l - a scroll of teleportation
 m - a scroll of blinking
 p - a scroll of noise
 r - a scroll of enchant weapon
 u - a scroll of identify
 y - a scroll of fear {unknown}
Potions
 b - a potion of lignification
 c - 3 potions of curing
 d - a potion of degeneration {unknown}
 n - 3 potions of might
 o - a potion of resistance {unknown}
 s - a potion of heal wounds {unknown}
 t - a potion of berserk rage {unknown}
 v - a potion of haste


   Skills:
 - Level 0.8 Fighting
 - Level 1.7 Dodging
 * Level 6.7 Unarmed Combat
 - Level 1.7 Spellcasting
 + Level 4.5 Transmutations
 + Level 4.1 Poison Magic


You had 3 spell levels left.
You knew the following spells:

 Your Spells              Type           Power      Damage    Failure   Level
a - Beastly Appendage     Tmut           30%        N/A       12%         1
b - Wereblood             Tmut           15%        N/A       16%         2
z - Spider Form           Tmut/Pois      14%        N/A       28%         3

Your spell library contained the following spells:

 Spells                   Type           Power      Damage    Failure   Level
 Magic Dart               Conj           4%         1d3       43%         1
 Call Imp                 Summ           1%         N/A       56%         2
 Mephitic Cloud           Conj/Pois/Air  5%         N/A       58%         3
 Ice Form                 Ice/Tmut       8%         N/A       83%         4


Dungeon Overview and Level Annotations

Branches:
Dungeon (5/15)             Temple (0/1) D:4           Sewer (visited)

Annotations:
D:5 Duvessa


Innate Abilities, Weirdness & Mutations

You are a venomous arachnid creature.
You have poisonous fangs.
You are tiny and dextrous.
Your spellcasting is less reliable in this form.
Your armour is entirely melded.
You are incapable of wielding weapons or throwing items.
You have an increased reservoir of magic. (+10% MP)
You shall have no god before yourself.
Your divine heritage dramatically boosts your attributes as you level up.


Message History

Dowan is heavily wounded.
You hit Dowan but do no damage.
Dowan is heavily wounded.
Dowan casts a spell at you. The puff of flame hits you.
A gnoll bouda comes into view. It is wielding a +0 whip.
You hit Dowan.
Dowan looks as sick as possible!
Dowan is severely wounded.
Duvessa closely misses you. The gnoll misses you.
A gnoll comes into view. It is wielding a +0 halberd.
Dowan says, "My weaknesses are her strengths!"
Dowan hits you with a +0 dagger.
An adder comes into view.
You barely miss Duvessa. The gnoll barely misses you.
Dowan hits you but does no damage.
The gnoll bouda barks out a call to the hunt!
The gnolls pick up the pace!
Duvessa hits you with a +0 short sword.
The adder hisses angrily.
You hit Duvessa.
Duvessa is poisoned.
Duvessa is lightly wounded.
The gnoll completely misses you. Dowan gestures at you while chanting.
The puff of flame hits you.
A gnoll comes into view. It is wielding a +0 spear.
Duvessa hits you with a +0 short sword!
The gnoll shouts!
You hit Duvessa.
Duvessa is moderately wounded.
You kill Dowan!
Duvessa weeps, and shakes her weapon.
Duvessa goes berserk!
The gnoll barely misses you.
The gnoll bouda gazes fiercely through you!
You feel your attacks grow feeble. Duvessa hits you with a +0 short sword!
* * * LOW HITPOINT WARNING * * *
You hit Duvessa but do no damage.
Duvessa is moderately wounded.
Duvessa hits you with a +0 short sword!
You die... #....#. ...... #gS..# #g... #..g #gh

#e# #s#
#)#####
#.....#
#.....#######
#.....'.....#
##....#####.#
###### #.#
#.# #.#


You could see Duvessa (berserk, very poisoned), a gnoll bouda, a hound, 3 gnolls
and an adder.

Vanquished Creatures
  Grinder (D:4)
  Sigmund (D:2)
  Eustachio (D:4)
  Menkaure (D:4)
  Dowan (D:5)
  A howler monkey (D:5)
  A jelly (D:5)
  A hound (D:4)
  An iguana (D:5)
  An orc wizard (D:3)
  17 adders
  A white imp (D:5)
  An ufetubus (D:5)
  A worm (D:3)
  2 dart slugs (D:2)
  9 orcs
  12 ball pythons
  6 bats (D:1)
  7 endoplasms
  3 giant cockroaches
  4 goblins
  10 hobgoblins
  9 jackals
  4 quokkas
  3 frilled lizards
  12 kobolds
  9 rats
120 creatures vanquished.

Notes
Turn   | Place    | Note
-------+----------+-------------------------------------------
     0 | D:1      | KennySheep the Demigod Transmuter began the quest for the
                  | Orb.
     0 | D:1      | Reached XP level 1. HP: 15/15 MP: 5/5
   130 | D:1      | Reached skill level 3 in Unarmed Combat
   188 | D:1      | Reached XP level 2. HP: 17/22 MP: 5/7
   653 | D:1      | Reached skill level 1 in Poison Magic
  1131 | D:2      | Reached XP level 3. HP: 27/27 MP: 8/8
  1286 | D:2      | Learned a level 2 spell: Wereblood
  1656 | D:2      | Noticed Sigmund
  1903 | D:2      | Reached XP level 4. HP: 10/34 MP: 5/9
  2002 | D:2      | Learned a level 3 spell: Spider Form
  2500 | D:2      | Killed Sigmund
  2501 | D:2      | Reached skill level 4 in Unarmed Combat
  2501 | D:2      | Reached XP level 5. HP: 25/39 MP: 7/10
  3101 | D:3      | Reached XP level 6. HP: 39/46 MP: 11/11
  3611 | D:4      | Found a staircase to the Ecumenical Temple.
  3619 | D:4      | Noticed Eustachio
  3632 | D:4      | Killed Eustachio
  3633 | D:4      | Reached skill level 5 in Unarmed Combat
  3720 | D:4      | Found a glowing drain.
  3729 | Sewer    | Entered a sewer
  4260 | D:4      | Noticed Grinder
  4340 | D:4      | Paralysed by Grinder for 4 turns
  4345 | D:4      | HP: 2/46 [Grinder (6)]
  4350 | D:4      | Killed Grinder
  4351 | D:4      | Reached skill level 6 in Unarmed Combat
  4351 | D:4      | Reached XP level 7. HP: 21/51 MP: 10/12
  4572 | D:4      | Noticed Menkaure
  4591 | D:4      | Killed Menkaure
  5163 | D:5      | Entered Level 5 of the Dungeon
  5537 | D:5      | Noticed Duvessa
  5537 | D:5      | Noticed Dowan
  5547 | D:5      | Killed Dowan
  5548 | D:5      | Slain by Duvessa

Illustrated notes

Levels and vault maps discovered:
D:1:      wheals_arrival_linesprint, layout_rooms, kennysheep_another_room
D:2:      minmay_razor_zed, layout_basic, minmay_distorted, uniq_sigmund
D:3:      layout_rooms, dreamdust_ecumenical_altar_angels_and_demons,
          serial_glass, glass_columns_a, glass_columns_a, glass_columns_a,
          glass_columns_c, glass_columns_a, minmay_strange_pillars,
          feat_on_display
D:4:      layout_basic, minmay_temple_entry_glassed_door, portal_sewer_entry_d,
          uniq_menkaure, uniq_grinder, uniq_eustachio
D:5:      layout_basic, uniq_duvessa

Skill      XL: |  1  2  3  4  5  6  7 |
---------------+----------------------+-----
Unarmed Combat | 3 4 6 |  6.7
Transmutations | 2 3 4 |  4.5
Poison Magic   | 1 2 3 4 |  4.1
Fighting       | |  0.8
Dodging        | |  1.7
Spellcasting   | |  1.7

Action                   |  1- 3 |  4- 6 |  7- 9 || total
-------------------------+-------+-------+-------++-------
Melee: Unarmed           |   176 |   173 |    91 ||   440
       Kick              |    20 |    17 |     1 ||    38
       Headbutt          |    10 |     8 |       ||    18
       Punch             |     4 |     2 |     2 ||     8
 Cast: Beastly Appendage |    12 |    10 |     1 ||    23
       Wereblood         |     1 |       |       ||     1
       Spider Form       |       |     6 |     5 ||    11
  Use: Potion            |     1 |     5 |     1 ||     7
       Scroll            |     5 |     4 |       ||     9
 Stab: Sleeping          |     1 |       |       ||     1
Armor: Robe              |    37 |    41 |    10 ||    88
       Skin              |       |     6 |     2 ||     8
Dodge: Dodged            |   136 |   130 |    64 ||   330

Table legend: (Time is in decaauts)
 A = Elapsed time spent in this place.
 B = Non-inter-level travel time spent in this place.
 C = Inter-level travel time spent in this place.
 D = Time resting spent in this place.
 E = Time spent auto-exploring this place.
 F = Levels seen in this place.
 G = Mean time per level.
                   A        B        C        D        E       F      G
               +--------+--------+--------+--------+--------+-----+--------+
         Total |   5542 |   5398 |    144 |   1336 |   2895 |   6 |  923.7 |
       Dungeon |   4991 |   4847 |    144 |   1184 |   2643 |   5 |  998.2 |
         Sewer |    551 |    551 |      0 |    152 |    252 |   1 |  551.0 |
               +--------+--------+--------+--------+--------+-----+--------+

Top non-repeatable levels by time:
     D:2: 1689 daAuts
     D:4: 1203 daAuts
     D:3: 965 daAuts
     D:1: 911 daAuts
   Sewer: 551 daAuts
     D:5: 222 daAuts
